 Dungeon Crawl Stone Soup version 0.24.0-41-g2ae2f7f1be (webtiles) character file.

Game seed: 935138423316532458, levelgen mode: deterministic

48 Goreval the Vexing (level 3, -3/14 HPs)
             Began as a Felid Enchanter on Dec 11, 2019.
             Slain by Natasha (9 damage)
             ... on level 2 of the Dungeon.
             The game lasted 00:07:24 (2814 turns).

Goreval the Vexing (Felid Enchanter)                Turns: 2814, Time: 00:07:25

Health: -3/14      AC:  1    Str:  4    XL:     3   Next: 50%
Magic:  1/7        EV: 18    Int: 17    God:
Gold:   49         SH:  0    Dex: 16    Spells: 3/6 levels left
                                        Lives:  0   Deaths: 0

rFire    . . .     SeeInvis +     - Unarmed
rCold    . . .     Gourm    .   (shield unavailable)
rNeg     + . .     Faith    .   (armour unavailable)
rPois    .         Spirit   .   (helmet unavailable)
rElec    .         Reflect  .   (cloak unavailable)
rCorr    .         Harm     .   (gloves unavailable)
MR       .....                  (boots unavailable)
Stlth    +++.......             (no amulet)
HPRegen  0.04/turn              a - ring of positive energy
MPRegen  0.10/turn              (no ring)

@: quick
A: very small, no armour, no weapons or thrown items, stealth, claws 1, fangs 3,
see invisible, carnivore, speed 1, shaggy fur 1, slow metabolism 1, sharp paws
a: no special abilities


You were on level 2 of the Dungeon.
You were very full.

You visited 1 branch of the dungeon, and saw 2 of its levels.

You collected 49 gold pieces.

Inventory:

Jewellery
 a - a ring of positive energy (left paw)
Scrolls
 d - 5 scrolls of identify {unknown}
Potions
 c - a potion of might {unknown}
 e - a potion of degeneration {unknown}
Comestibles
 b - 4 rations


   Skills:
 + Level 3.1 Dodging
 * Level 4.8 Stealth
 * Level 1.9 Unarmed Combat
 - Level 2.1 Spellcasting
 - Level 5.0 Hexes


You had 3 spell levels left.
You knew the following spells:

 Your Spells              Type           Power        Failure   Level  Hunger
a - Ensorcelled Hibernat  Hex/Ice        ##....       11%         2    ###....
o - Corona                Hex            ###....      2%          1    #......

Your spell library contained the following spells:

 Spells                   Type           Power        Failure   Level  Hunger
 Confuse                  Hex            ###.....     8%          3    ###....
 Tukima's Dance           Hex            ###.....     8%          3    ###....
 Dazzling Spray           Conj/Hex       ##....       21%         3    ###....


Dungeon Overview and Level Annotations

Branches:
Dungeon (2/15)

Altars:
Ashenzari

Annotations:
D:2 Natasha, Robin


Innate Abilities, Weirdness & Mutations

You cannot wear armour.
You are incapable of wielding weapons or throwing items.
Your paws allow you to move quietly. (Stealth)
You have sharp claws.
You have razor-sharp teeth.
You have supernaturally acute eyesight. (SInv)
You are carnivorous and can eat meat at any time.
You cover ground quickly.
You are covered in fur. (AC +1)
You have a slow metabolism.
Your sharp claws are effective at attacking unaware monsters.


Message History

You claw the kobold!
You kill the kobold!
You see here a +0 club.
There is a stone staircase leading down here.
You start resting.
You climb downwards.
Level annotation: Natasha, Robin
There is a stone staircase leading up here.
Aim: Natasha (chance to defeat MR: 41%) Natasha resists with some effort.
Aim: Natasha (chance to defeat MR: 41%) Natasha resists with some effort.
Natasha stares at you and mumbles some strange words.
The magic dart hits you!
Ouch! That really hurt!
Aim: Natasha (chance to defeat MR: 41%) Natasha resists with some effort.
Natasha barely misses you. Natasha claws you!
Ouch! That really hurt!
You die...

#........#### #...........
#........$# ? # .##.......# ..
.##+##.⌠#.....# ...
........#....## ###....
.......##.##..#### #####.......
.......#...#.....###...<......#
..._...+...#.###@.(............
.......#...#.....h.........$...
.......##.#..####..............
................................#
.##+##|⌠........##...............
. ##.#........................
#..r.####...................
#...## .##............$... #....
.# ................


You could see Natasha.

Vanquished Creatures
  2 adders (D:2)
  2 dart slugs (D:1)
  A leopard gecko (D:1)
  6 goblins (D:1)
  2 hobgoblins (D:1)
  3 kobolds (D:1)
  4 bats
  2 frilled lizards (D:1)
  3 rats (D:1)
25 creatures vanquished.

Notes
Turn   | Place    | Note
-------+----------+-------------------------------------------
     0 | D:1      | Goreval the Felid Enchanter began the quest for the Orb.
     0 | D:1      | Reached XP level 1. HP: 7/7 MP: 4/4
   806 | D:2      | Noticed Robin
  1058 | D:1      | Reached XP level 2. HP: 2/11 MP: 4/6
  1067 | D:1      | Learned a level 2 spell: Ensorcelled Hibernation
  2251 | D:2      | Found a shattered altar of Ashenzari.
  2258 | D:2      | Reached skill level 5 in Hexes
  2258 | D:2      | Reached XP level 3. HP: 14/14 MP: 0/7
  2274 | D:2      | Noticed Natasha
  2814 | D:2      | Slain by Natasha

Levels and vault maps discovered:
D:1:      minmay_arrival_checkered_box, layout_loops_ring
D:2:      layout_rooms, lemuel_coloured_pillars_altar, evilmike_ruin_ashenzari,
          uniq_robin, uniq_natasha

Skill      XL: |  1  2 |
---------------+-------+-----
Dodging        | 3 |  3.1
Hexes          | 5 |  5.0
Stealth        | |  4.8
Unarmed Combat | |  1.9
Spellcasting   | |  2.1

Action                   || total
-------------------------++-------
Melee: Unarmed           ||    61
       Bite              ||     4
 Cast: Corona            ||     4
       Ensorcelled Hiber ||    20
 Stab: Sleeping          ||    16
  Eat: Chunk             ||    11
Armor: Skin              ||     8
Dodge: Dodged            ||    65
